 Dungeon Crawl Stone Soup version 0.29-a0-857-g9b1aa3ac5b (webtiles) character file.

Game seed: 8932348325133459016

2837 porpoise the Spear-Bearer (level 9, -8/72 HPs)
             Began as a Barachi Brigand on July 16, 2022.
             Killed by nerve-wracking pain
             ... invoked by an orc priest
              (12 damage)
             ... on level 7 of the Dungeon.
             The game lasted 00:25:31 (8455 turns).

porpoise the Spear-Bearer (Barachi Brigand)         Turns: 8455, Time: 00:25:31

Health: -8/72      AC: 10    Str: 21    XL:     9   Next: 74%
Magic:  9/9        EV: 10    Int: 11    God:
Gold:   586        SH:  4    Dex: 18    Spells: 8/8 levels left

rFire   . . .      SeeInvis .   a - +0 trident (elec)
rCold   + . .      Faith    .   g - +0 buckler of the Distant Future {rPois rC+ Str+4 Dex+4}
rNeg    . . .      Spirit   .   s - +0 ring mail
rPois   +          Reflect  .   (no helmet)
rElec   .          Harm     .   c - +1 cloak
rCorr   .          Rampage  .   p - +0 pair of gloves
Will    .....                   (no boots)
Stlth   ++........              (no amulet)
HPRegen 0.22/turn               o - ring of flight
MPRegen 0.11/turn               (no ring)

@: flying, slow
A: amphibious, slowness 1, strong legs 1, +LOS
a: Hop


You were on level 7 of the Dungeon.
You visited 1 branch of the dungeon, and saw 7 of its levels.

You collected 586 gold pieces.

Inventory:

Hand Weapons
 a - a +0 trident of electrocution (weapon)
 b - a +0 sling
 i - a +2 dagger
Missiles
 d - 9 poisoned darts
 e - 3 curare-tipped darts (quivered)
 l - 7 atropa-tipped darts
 w - 3 boomerangs
Armour
 c - a +1 cloak (worn)
 g - the +0 buckler of the Distant Future (worn) {rPois rC+ Str+4 Dex+4}
   (You acquired it on level 5 of the Dungeon)

   Str:       It affects your strength (+4).
   Dex:       It affects your dexterity (+4).
   rC:        It protects you from cold.
   rPois:     It protects you from poison.
 p - a +0 pair of gloves (worn)
 s - a +0 ring mail (worn)
 v - a +1 leather armour of poison resistance
Jewellery
 m - a ring of fire
 o - a ring of flight (left hand)
 t - a ring of wizardry
 C - a ring of positive energy
Wands
 q - a wand of polymorph (6)
 E - a wand of charming (7)
Scrolls
 f - 2 scrolls of identify
 h - a scroll of enchant armour
 x - a scroll of enchant weapon {unknown}
 y - a scroll of vulnerability
 A - a scroll of teleportation {unknown}
 D - a scroll of immolation {unknown}
Potions
 j - 2 potions of lignification
 k - 2 potions of attraction
 n - a potion of curing
 r - 3 potions of resistance
 z - 3 potions of brilliance
 B - a potion of flight


   Skills:
 - Level 7.0 Fighting
 - Level 2.1 Short Blades
 * Level 10.5 Polearms
 - Level 2.0 Throwing
 + Level 6.4 Armour
 - Level 1.1 Dodging
 - Level 3.6 Stealth


You had 8 spell levels left.
You didn't know any spells.
Your spell library contained the following spells:

 Spells                   Type           Power      Damage    Failure   Level
 Static Discharge         Conj/Air       0%         3-3/arc   75%         2
 Lightning Bolt           Conj/Air       0%         1d11      100%        5
 Maxwell's Capacitive Co  Air            0%         ∞         100%        8


Dungeon Overview and Level Annotations

Branches:
Dungeon (7/15)
 Temple: D:4-7

Altars:
Elyvilon
The Shining One

Annotations:
D:4 Sigmund


Innate Abilities, Weirdness & Mutations

You are amphibious.
You cover ground slowly.
You can hop short distances.
You have an extended range of vision and can be seen from far away.


Message History

Lightning courses through the steam dragon!
You kill the steam dragon!
The steam dragon scales are intact enough to wear.
The orc closely misses you.
You barely miss the orc. You block the orc's attack.
An orc priest comes into view. It is wielding a +0 flail.
The orc closely misses you.
You hit the orc but do no damage. You block the orc's attack.
The orc closely misses you. The orc attacks as you move away!
You block the orc's attack.
The orc priest looks encouraged for a moment.
The orc attacks as you move away! The orc misses you.
The orc attacks as you move away! You block the orc's attack.
The orc priest invokes the aid of Beogh against you.
Beogh smites you!
* * * LOW HITPOINT WARNING * * *
The orc hits you but does no damage. The orc attacks as you move away!
The orc hits you but does no damage.
You feel better. The orc barely misses you.
You hit the orc but do no damage. The orc barely misses you.
You completely miss the orc. The orc hits you but does no damage.
You closely miss the orc. You completely miss the orc.
The orc closely misses you.
You puncture the orc!
You kill the orc!
You hit the orc. Lightning courses through the orc!
You kill the orc!
You hit the orc.
The orc is moderately wounded.
The orc priest invokes the aid of Beogh against you.
Beogh smites you!
* * * LOW HITPOINT WARNING * * *
Reach: a) +0 trident (elec)
Press: ? - help, Dir - move target, f - orc priest
Aim: an orc priest, wielding a +0 flail (about 32% to evade your +0 trident of electrocution)
You reach to attack!
You puncture the orc priest!
The orc priest is heavily wounded.
The orc priest calls down the wrath of Beogh upon you.
Pain shoots through your body!
You die...

######## #......# #
#......# #.
##......######
#.#.#####....([..o.....
........!o..o....###..
#.#####)#####.......
...#.o@# .#..##.
#.######.#.### .....#
...........# ##..##
#..######.### ... ##.
#.# ..# ... #.# #.#
#.######.#########
#.................
##....##.#########


You could see an orc priest and an orc.

Vanquished Creatures
  A yak (D:6)
  Eustachio (D:5)
  A steam dragon (D:7)
  Edmund (D:5)
  2 water moccasins (D:6)
  2 ice beasts
  An orc warrior (D:5)
  A black bear (D:5)
  2 ogres
  A centaur (D:6)
  2 phantoms (D:6)
  A bullfrog (D:5)
  3 necrophages
  An elf skeleton (D:5)
  3 scorpions (D:6)
  3 jellies
  5 hounds
  A gnoll bouda (D:6)
  Jessica (D:2)
  3 human skeletons (D:5)
  3 iguanas
  8 orc wizards
  5 gnolls (D:6)
  8 adders
  A white imp (D:5)
  An ufetubus (D:6)
  A worm (D:2)
  21 orcs
  5 endoplasms
  6 giant cockroaches
  6 goblins
  5 hobgoblins
  A quokka (D:1)
  2 ball pythons
  4 bats
  2 frilled lizards
  10 kobolds
  An orc skeleton (D:5)
  An orc zombie (D:5)
  6 rats
133 creatures vanquished.

Notes
Turn   | Place    | Note
-------+----------+-------------------------------------------
     0 | D:1      | porpoise the Barachi Brigand began the quest for the Orb.
     0 | D:1      | Reached XP level 1. HP: 17/17 MP: 1/1
   239 | D:1      | Reached XP level 2. HP: 24/24 MP: 2/2
   253 | D:1      | Reached skill level 1 in Armour
   368 | D:1      | Found a faded altar of an unknown god.
  1110 | D:2      | Reached skill level 1 in Polearms
  1110 | D:2      | Reached XP level 3. HP: 23/29 MP: 3/3
  1922 | D:2      | Found a glowing golden altar of the Shining One.
  1967 | D:2      | Noticed Jessica
  1975 | D:2      | HP: 1/30 [Jessica/+4 dagger of flaming (2)]
  1976 | D:2      | Killed Jessica
  1977 | D:2      | Reached skill level 2 in Polearms
  1977 | D:2      | Reached XP level 4. HP: 2/37 MP: 4/4
  3252 | D:3      | Found a white marble altar of Elyvilon.
  3400 | D:4      | Reached skill level 3 in Polearms
  3400 | D:4      | Reached XP level 5. HP: 40/43 MP: 5/5
  3663 | D:4      | Reached skill level 4 in Polearms
  3663 | D:4      | Reached XP level 6. HP: 38/50 MP: 6/6
  3763 | D:4      | Reached skill level 5 in Fighting
  3953 | D:4      | Noticed Sigmund
  4191 | D:5      | Entered Level 5 of the Dungeon
  4193 | D:5      | Identified a scroll of acquirement
  4193 | D:5      | Acquired the +0 buckler of the Distant Future {rPois rC+
                  | Str+4 Dex+4}
  4493 | D:5      | Reached skill level 5 in Polearms
  4589 | D:5      | Reached XP level 7. HP: 52/57 MP: 7/7
  4835 | D:5      | Found a sand-covered staircase.
  4949 | D:5      | Reached skill level 6 in Polearms
  5230 | D:5      | Reached XP level 8. HP: 45/65 MP: 8/8
  5406 | D:5      | Noticed Edmund
  5412 | D:5      | Killed Edmund
  5413 | D:5      | Reached skill level 7 in Polearms
  5978 | D:5      | Noticed Eustachio
  6005 | D:5      | Killed Eustachio
  6320 | D:6      | Reached skill level 8 in Polearms
  6488 | D:6      | Noticed a yak
  6761 | D:6      | Killed a yak
  6762 | D:6      | Reached XP level 9. HP: 53/72 MP: 9/9
  6953 | D:6      | Reached skill level 9 in Polearms
  7662 | D:6      | Reached skill level 5 in Armour
  7894 | D:6      | Reached skill level 10 in Polearms
  8454 | D:7      | HP: 3/72 [orc priest/divine providence (13)]
  8455 | D:7      | Killed from afar by an orc priest

Illustrated notes

Levels and vault maps discovered:
D:1:      minmay_arrival_widening_spiral_wide, layout_basic,
          ebering_ecumenical_altar_mist, grunt_decor_clamped
D:2:      layout_loops_ring, basic_altar, uniq_jessica
D:3:      layout_rooms, old_standard_altar, corexii_corridor_pit,
          nicolae_figureground_pulse
D:4:      layout_cave_pools, uniq_sigmund
D:5:      layout_layer_cave, nicolae_ossuary_entry_catacombs,
          grunt_ministairs_2, minmay_misc_feat_enclosed,
          minmay_stone_trees_large, kennysheep_another_room,
          wad_floor_pattern_untrapped, uniq_eustachio, uniq_edmund
D:6:      minmay_polygon_palace, layout_basic
D:7:      corexii_shack_village, layout_basic, minmay_temple_entry_overgrown,
          solitary_fountain, uniq_joseph

Skill      XL: |  1  2  3  4  5  6  7  8  9 |
---------------+----------------------------+-----
Fighting       | 3 4 5 6 7 |  7.0
Armour         | 1 4 6 |  6.4
Polearms       | 1 2 3 4 5 6 8 10 | 10.5
Short Blades   | |  2.1
Throwing       | |  2.0
Dodging        | |  1.1
Stealth        | |  3.6

Action                   |  1- 3 |  4- 6 |  7- 9 || total
-------------------------+-------+-------+-------++-------
Melee: Dagger            |    35 |       |       ||    35
       Spear             |    68 |   169 |       ||   237
       Punch             |     1 |     5 |       ||     6
       Trident           |       |    38 |   430 ||   468
 Fire: Sling             |       |     2 |       ||     2
Throw: Dart              |     2 |     8 |     7 ||    17
  Use: Scroll            |       |    12 |     3 ||    15
       Potion            |       |       |     3 ||     3
 Stab: Sleeping          |     6 |     3 |     8 ||    17
Armor: Robe              |     3 |       |       ||     3
       Leather armour    |    13 |     5 |       ||    18
       Ring mail         |       |    74 |   127 ||   201
Dodge: Dodged            |    39 |    64 |   148 ||   251
Block: Buckler           |       |     3 |    58 ||    61

Table legend: (Time is in decaauts)
 A = Elapsed time spent in this place.
 B = Non-inter-level travel time spent in this place.
 C = Inter-level travel time spent in this place.
 D = Time resting spent in this place.
 E = Time spent auto-exploring this place.
 F = Levels seen in this place.
 G = Mean time per level.
                   A        B        C        D        E       F      G
               +--------+--------+--------+--------+--------+-----+--------+
         Total |   9143 |   8952 |    191 |   3294 |   3838 |   7 | 1306.1 |
       Dungeon |   9143 |   8952 |    191 |   3294 |   3838 |   7 | 1306.1 |
               +--------+--------+--------+--------+--------+-----+--------+

Top non-repeatable levels by time:
     D:5: 2206 daAuts
     D:6: 2114 daAuts
     D:2: 1546 daAuts
     D:1: 1244 daAuts
     D:3: 914 daAuts
     D:4: 903 daAuts
     D:7: 212 daAuts
